[ PARTIDA AOE2 · #488308609 ]
UnrankedMongoles vs Slavs
Equipo del jugador · DERR
Equipo rival · VICT
[ ANÁLISIS DE REPETICIÓN · EXTRAÍDO DE LA PARTIDA GRABADA ]
Feudal
8:05
Castillos
23:56
Imperial
39:07
| APM promedio | 51.8 |
| APM pico | 107 |
| eAPM promedio | 31.8 |
| Aldeanos / militares | 186 / 793 |
Foco
⚔️ 43.7% · 🌾 56.3%
Scout Cavalry ×509 · Mangudai ×116 · Camel Scout ×93 · Cavalry Archer ×20 · Steppe Lancer ×16 · Trebuchet (Packed) ×13
Feudal
9:19
Castillos
22:18
Imperial
42:34
| APM promedio | 39.1 |
| APM pico | 130 |
| eAPM promedio | 27.7 |
| Aldeanos / militares | 155 / 535 |
Foco
⚔️ 57.2% · 🌾 42.8%
Spearman ×246 · Knight ×131 · Skirmisher ×94 · Scout Cavalry ×43 · Battering Ram ×10 · Trebuchet (Packed) ×6
Mapa de la partida
Recursos iniciales + cada clic de construcción. Líneas = muros · curvas = relieve. ◆ oro · ⬟ piedra · ● bayas · ✦ reliquia · ◌ hueco del cierre
Tu base· ✓ Cerrada en 23:56 · 43t muro · 1 puerta(s)
Base de Toothless· ✓ Cerrada en 22:18 · 73t muro · sin puerta
Terreno inicial suavizado · ◌ = hueco del cierre detectado · pasá el cursor para detalles
Inputs por minuto
— HellionBlue - - Toothless
Build order — HellionBlue
Primeras 150 de 766 acciones detectadas
| 0:01 | Crear | Villager (Male) |
| 0:01 | Crear | Villager (Male) |
| 0:02 | Crear | Villager (Male) |
| 0:02 | Construir | House |
| 0:03 | Crear | Villager (Male) |
| 0:03 | Crear | Villager (Male) |
| 0:06 | Construir | House |
| 1:26 | Crear | Villager (Male) |
| 1:27 | Crear | Villager (Male) |
| 1:27 | Crear | Villager (Male) |
| 1:57 | Crear | Villager (Male) |
| 1:57 | Crear | Villager (Male) |
| 1:58 | Crear | Villager (Male) |
| 2:16 | Crear | Villager (Male) |
| 2:16 | Crear | Villager (Male) |
| 2:16 | Crear | Villager (Male) |
| 2:32 | Construir | Lumber Camp |
| 2:43 | Construir | House |
| 2:47 | Crear | Villager (Male) |
| 2:47 | Crear | Villager (Male) |
| 2:47 | Crear | Villager (Male) |
| 2:48 | Crear | Villager (Male) |
| 3:24 | Crear | Villager (Male) |
| 3:24 | Crear | Villager (Male) |
| 3:41 | Crear | Villager (Male) |
| 3:41 | Crear | Villager (Male) |
| 4:51 | Construir | Mill |
| 4:54 | Crear | Villager (Male) |
| 5:06 | Crear | Villager (Male) |
| 5:24 | Crear | Villager (Male) |
| 5:55 | Investigar | Feudal Age |
| 5:56 | Investigar | Feudal Age |
| 6:40 | Construir | House |
| 6:49 | Crear | Villager (Male) |
| 6:51 | Investigar | Loom |
| 6:51 | Crear | Villager (Male) |
| 7:08 | Construir | Barracks |
| 8:05 | Edad | Edad Feudal |
| 8:09 | Construir | Stable |
| 8:11 | Construir | Palisade Wall |
| 8:18 | Crear | Villager (Male) |
| 8:43 | Crear | Villager (Male) |
| 8:58 | Crear | Scout Cavalry |
| 8:59 | Crear | Scout Cavalry |
| 9:09 | Construir | Mill |
| 9:21 | Construir | House |
| 9:23 | Crear | Villager (Male) |
| 9:31 | Crear | Scout Cavalry |
| 9:52 | Crear | Villager (Male) |
| 9:53 | Crear | Scout Cavalry |
| 9:56 | Construir | House |
| 10:10 | Crear | Villager (Male) |
| 10:14 | Construir | Archery Range |
| 10:19 | Construir | House |
| 10:25 | Crear | Scout Cavalry |
| 10:31 | Crear | Villager (Male) |
| 10:54 | Crear | Villager (Male) |
| 10:55 | Construir | Farm |
| 10:55 | Construir | Farm |
| 10:56 | Construir | Farm |
| 10:56 | Construir | Farm |
| 10:59 | Crear | Villager (Male) |
| 11:38 | Crear | Archer |
| 11:52 | Crear | Villager (Male) |
| 11:54 | Construir | Farm |
| 11:55 | Construir | Farm |
| 11:55 | Construir | Farm |
| 11:55 | Construir | Farm |
| 11:56 | Construir | Farm |
| 11:56 | Construir | Farm |
| 12:20 | Crear | Villager (Male) |
| 12:25 | Construir | Mining Camp |
| 12:30 | Crear | Skirmisher |
| 12:56 | Construir | House |
| 12:56 | Construir | Palisade Wall |
| 13:10 | Crear | Villager (Male) |
| 13:11 | Crear | Villager (Male) |
| 13:21 | Construir | Lumber Camp |
| 13:27 | Crear | Villager (Male) |
| 13:37 | Investigar | Wheelbarrow |
| 13:52 | Crear | Villager (Male) |
| 14:03 | Construir | Farm |
| 14:03 | Construir | Farm |
| 14:17 | Construir | House |
| 14:19 | Construir | Palisade Wall |
| 14:37 | Construir | Farm |
| 14:37 | Construir | Farm |
| 14:37 | Construir | Farm |
| 14:38 | Construir | Farm |
| 14:38 | Construir | Farm |
| 14:50 | Construir | House |
| 14:59 | Crear | Scout Cavalry |
| 15:03 | Construir | Palisade Gate |
| 15:14 | Investigar | Horse Collar |
| 15:17 | Crear | Villager (Male) |
| 15:20 | Construir | Farm |
| 15:38 | Investigar | Double-Bit Axe |
| 15:39 | Investigar | Double-Bit Axe |
| 15:50 | Construir | Palisade Wall |
| 16:00 | Crear | Villager (Male) |
| 16:13 | Crear | Scout Cavalry |
| 16:19 | Construir | Farm |
| 16:22 | Construir | Farm |
| 16:23 | Construir | Farm |
| 16:23 | Crear | Villager (Male) |
| 16:27 | Crear | Scout Cavalry |
| 16:29 | Crear | Spearman |
| 16:32 | Crear | Archer |
| 16:48 | Crear | Villager (Male) |
| 16:54 | Construir | Palisade Wall |
| 16:56 | Construir | Palisade Wall |
| 17:02 | Crear | Villager (Male) |
| 17:04 | Construir | Farm |
| 17:04 | Construir | Farm |
| 17:05 | Construir | Farm |
| 17:06 | Crear | Villager (Male) |
| 17:28 | Crear | Scout Cavalry |
| 17:44 | Crear | Villager (Male) |
| 17:47 | Construir | Farm |
| 17:47 | Construir | Farm |
| 17:51 | Construir | Farm |
| 18:14 | Investigar | Bloodlines |
| 18:18 | Construir | Stable |
| 18:33 | Crear | Scout Cavalry |
| 18:35 | Crear | Scout Cavalry |
| 18:41 | Crear | Villager (Male) |
| 18:51 | Crear | Villager (Male) |
| 18:55 | Construir | Farm |
| 18:56 | Construir | Farm |
| 18:58 | Construir | Farm |
| 18:59 | Construir | Farm |
| 19:01 | Construir | Farm |
| 19:10 | Construir | Palisade Wall |
| 19:13 | Construir | Palisade Wall |
| 19:33 | Crear | Scout Cavalry |
| 19:33 | Crear | Scout Cavalry |
| 19:52 | Crear | Villager (Male) |
| 20:02 | Construir | Mining Camp |
| 20:46 | Crear | Villager (Male) |
| 20:51 | Construir | Market |
| 21:16 | Investigar | Castle Age |
| 21:16 | Investigar | Castle Age |
| 21:16 | Investigar | Castle Age |
| 21:17 | Investigar | Castle Age |
| 21:24 | Construir | Blacksmith |
| 21:26 | Construir | House |
| 21:26 | Construir | House |
| 21:27 | Construir | House |
| 21:27 | Construir | House |
| 21:28 | Construir | House |
Build order — Toothless
Primeras 150 de 925 acciones detectadas
| 0:01 | Crear | Villager (Male) |
| 0:04 | Construir | House |
| 0:05 | Construir | House |
| 0:14 | Crear | Villager (Male) |
| 0:23 | Crear | Villager (Male) |
| 0:25 | Crear | Villager (Male) |
| 1:24 | Crear | Villager (Male) |
| 2:00 | Construir | Lumber Camp |
| 2:03 | Crear | Villager (Male) |
| 2:17 | Crear | Villager (Male) |
| 2:49 | Crear | Villager (Male) |
| 3:04 | Crear | Villager (Male) |
| 3:43 | Crear | Villager (Male) |
| 3:49 | Construir | House |
| 4:07 | Crear | Villager (Male) |
| 4:32 | Crear | Villager (Male) |
| 4:38 | Crear | Villager (Male) |
| 4:42 | Construir | Mill |
| 4:57 | Crear | Villager (Male) |
| 5:04 | Crear | Villager (Male) |
| 5:22 | Crear | Villager (Male) |
| 6:17 | Investigar | Loom |
| 6:33 | Construir | House |
| 7:09 | Investigar | Feudal Age |
| 7:18 | Construir | Palisade Wall |
| 7:21 | Construir | Palisade Wall |
| 7:24 | Construir | Palisade Wall |
| 7:52 | Construir | Barracks |
| 8:10 | Construir | Palisade Wall |
| 8:11 | Construir | Palisade Wall |
| 8:13 | Construir | Palisade Wall |
| 8:34 | Construir | House |
| 8:50 | Construir | Palisade Wall |
| 8:53 | Construir | Palisade Wall |
| 9:19 | Edad | Edad Feudal |
| 9:21 | Crear | Spearman |
| 9:23 | Crear | Villager (Male) |
| 9:25 | Construir | Stable |
| 9:31 | Construir | Palisade Wall |
| 9:34 | Crear | Villager (Male) |
| 9:47 | Crear | Spearman |
| 9:51 | Crear | Villager (Male) |
| 10:09 | Construir | Palisade Wall |
| 10:19 | Construir | House |
| 10:22 | Construir | Palisade Wall |
| 10:27 | Crear | Villager (Male) |
| 10:30 | Construir | Farm |
| 10:46 | Crear | Villager (Male) |
| 10:53 | Crear | Scout Cavalry |
| 11:05 | Construir | House |
| 11:07 | Construir | Palisade Wall |
| 11:54 | Crear | Villager (Male) |
| 11:57 | Construir | Farm |
| 11:59 | Construir | Farm |
| 12:00 | Construir | Farm |
| 12:05 | Crear | Villager (Male) |
| 12:17 | Crear | Villager (Male) |
| 12:18 | Construir | Farm |
| 12:19 | Construir | Farm |
| 12:26 | Construir | Farm |
| 12:29 | Construir | Mill |
| 12:30 | Crear | Villager (Male) |
| 12:54 | Construir | Farm |
| 12:55 | Crear | Villager (Male) |
| 13:09 | Crear | Villager (Male) |
| 13:11 | Crear | Scout Cavalry |
| 13:17 | Construir | Farm |
| 13:22 | Construir | House |
| 13:57 | Crear | Scout Cavalry |
| 14:03 | Construir | Farm |
| 14:04 | Crear | Villager (Male) |
| 14:14 | Crear | Villager (Male) |
| 14:36 | Crear | Villager (Male) |
| 14:53 | Crear | Scout Cavalry |
| 14:53 | Crear | Scout Cavalry |
| 14:59 | Construir | Mining Camp |
| 15:10 | Construir | Palisade Wall |
| 15:16 | Investigar | Double-Bit Axe |
| 15:28 | Crear | Scout Cavalry |
| 15:30 | Crear | Villager (Male) |
| 15:45 | Crear | Scout Cavalry |
| 15:51 | Crear | Villager (Male) |
| 15:55 | Construir | House |
| 16:04 | Construir | Farm |
| 16:10 | Construir | Farm |
| 16:20 | Crear | Villager (Male) |
| 16:24 | Construir | Farm |
| 16:37 | Crear | Villager (Male) |
| 17:08 | Investigar | Wheelbarrow |
| 17:21 | Investigar | Horse Collar |
| 17:44 | Crear | Villager (Male) |
| 18:12 | Crear | Villager (Male) |
| 18:15 | Construir | Farm |
| 18:18 | Construir | Blacksmith |
| 18:19 | Construir | House |
| 18:38 | Construir | Farm |
| 19:01 | Construir | House |
| 19:38 | Investigar | Castle Age |
| 19:45 | Construir | Stable |
| 19:52 | Construir | House |
| 20:02 | Construir | House |
| 20:05 | Construir | House |
| 20:06 | Construir | House |
| 20:07 | Construir | House |
| 20:10 | Construir | Palisade Wall |
| 20:15 | Investigar | Scale Barding Armor |
| 20:39 | Investigar | Gold Mining |
| 21:06 | Construir | Farm |
| 21:12 | Construir | Farm |
| 21:25 | Construir | House |
| 21:28 | Construir | House |
| 21:36 | Construir | Palisade Wall |
| 21:39 | Construir | Palisade Wall |
| 21:45 | Construir | Palisade Wall |
| 21:56 | Investigar | Bloodlines |
| 21:58 | Investigar | Forging |
| 22:05 | Construir | Palisade Wall |
| 22:07 | Construir | Palisade Wall |
| 22:18 | Edad | Edad de los Castillos |
| 22:23 | Crear | Knight |
| 22:24 | Crear | Knight |
| 22:26 | Investigar | Chain Barding Armor |
| 22:27 | Crear | Villager (Male) |
| 22:40 | Crear | Villager (Male) |
| 22:43 | Crear | Knight |
| 22:47 | Crear | Knight |
| 23:02 | Construir | Farm |
| 23:05 | Construir | Farm |
| 23:08 | Crear | Knight |
| 23:11 | Construir | Farm |
| 23:13 | Crear | Villager (Male) |
| 23:25 | Crear | Knight |
| 23:41 | Crear | Knight |
| 23:46 | Crear | Villager (Male) |
| 23:48 | Crear | Villager (Male) |
| 23:52 | Construir | Farm |
| 24:15 | Investigar | Iron Casting |
| 24:26 | Crear | Knight |
| 24:34 | Crear | Villager (Male) |
| 24:51 | Crear | Knight |
| 24:52 | Crear | Villager (Male) |
| 25:04 | Crear | Villager (Male) |
| 25:15 | Construir | Town Center |
| 25:51 | Crear | Knight |
| 25:52 | Crear | Knight |
| 25:53 | Crear | Villager (Male) |
| 25:53 | Crear | Villager (Male) |
| 26:03 | Crear | Knight |
| 26:06 | Crear | Knight |
| 26:08 | Crear | Villager (Male) |
Cronología de la partida
| 7:08 | HellionBlue · first_building Barracks |
| 7:18 | Toothless · wall_segment Palisade Wall x3 |
| 7:21 | Toothless · wall_segment Palisade Wall x5 |
| 7:24 | Toothless · wall_segment Palisade Wall x5 |
| 7:52 | Toothless · first_building Barracks |
| 8:05 | HellionBlue · age_up feudal |
| 8:09 | HellionBlue · first_building Stable |
| 8:10 | Toothless · wall_segment Palisade Wall x1 |
| 8:11 | Toothless · wall_segment Palisade Wall x1 |
| 8:11 | HellionBlue · wall_segment Palisade Wall x2 |
| 8:13 | Toothless · wall_segment Palisade Wall x1 |
| 8:50 | Toothless · wall_segment Palisade Wall x4 |
| 8:53 | Toothless · wall_segment Palisade Wall x7 |
| 9:19 | Toothless · age_up feudal |
| 9:25 | Toothless · first_building Stable |
| 9:31 | Toothless · wall_segment Palisade Wall x18 |
| 10:09 | Toothless · wall_segment Palisade Wall x13 |
| 10:14 | HellionBlue · first_building Archery Range |
| 10:22 | Toothless · wall_segment Palisade Wall x1 |
| 11:07 | Toothless · wall_segment Palisade Wall x1 |
| 12:56 | HellionBlue · wall_segment Palisade Wall x6 |
| 14:19 | HellionBlue · wall_segment Palisade Wall x12 |
| 15:10 | Toothless · wall_segment Palisade Wall x1 |
| 15:50 | HellionBlue · wall_segment Palisade Wall x5 |
| 16:54 | HellionBlue · wall_segment Palisade Wall x15 |
| 16:56 | HellionBlue · wall_segment Palisade Wall x1 |
| 19:10 | HellionBlue · wall_segment Palisade Wall x1 |
| 19:13 | HellionBlue · wall_segment Palisade Wall x1 |
| 20:10 | Toothless · wall_segment Palisade Wall x1 |
| 21:36 | Toothless · wall_segment Palisade Wall x4 |
| 21:39 | Toothless · wall_segment Palisade Wall x6 |
| 21:45 | Toothless · wall_segment Palisade Wall x3 |
| 22:05 | Toothless · wall_segment Palisade Wall x4 |
| 22:07 | Toothless · wall_segment Palisade Wall x7 |
| 22:18 | Toothless · age_up castle |
| 23:56 | HellionBlue · age_up castle |
| 24:16 | HellionBlue · first_building Monastery |
| 27:33 | HellionBlue · first_building Siege Workshop |
| 28:47 | Toothless · first_building Monastery |
| 33:55 | HellionBlue · first_building Castle |
| 34:57 | HellionBlue · wall_segment Palisade Wall x2 |
| 35:46 | HellionBlue · first_market_sell 100 food |
| 36:15 | Toothless · first_market_buy 100 stone |
| 37:49 | Toothless · first_building Siege Workshop |
| 39:07 | HellionBlue · age_up imperial |
| 41:57 | Toothless · first_market_sell 500 wood |
| 42:34 | Toothless · age_up imperial |
| 43:17 | Toothless · first_building Castle |
| 45:30 | HellionBlue · wall_segment Palisade Wall x4 |
| 46:43 | HellionBlue · wall_segment Stone Wall x2 |
| 46:52 | HellionBlue · wall_segment Stone Wall x5 |
| 47:14 | Toothless · first_building Archery Range |
| 63:16 | HellionBlue · resign |
[ ANÁLISIS IA · 1 CRÉDITO ]
¿Qué pasó realmente en esta partida?
Wolo.gg analiza cada decisión: build order, eco, micro, errores típicos por bracket. Análisis personalizado por WhatsApp o Discord en 30 segundos.
Guía civ
Mongoles
Perfil
Jugador #2698259